 Dungeon Crawl Stone Soup version 0.30.1-11-g7821555f0a (webtiles) character file.

Game seed: 2535938982074252001

42 Destapler the Trooper (level 3, -3/29 HPs)
             Began as a Draconian Berserker on Dec 1, 2023.
             Was a Follower of Trog.
             Slain by a goblin
             ... wielding a +0 club
             ... led by Robin
              (6 damage)
             ... on level 2 of the Dungeon.
             The game lasted 00:04:42 (1024 turns).

Destapler the Trooper (Draconian Berserker)         Turns: 1024, Time: 00:04:44

Health: -3/29      AC:  5    Str: 19    XL:     3   Next: 35%
Magic:  3/3        EV: 12    Int:  7    God:    Trog [*.....]
Gold:   116        SH:  0    Dex: 12    Spells: 2/2 levels left

rFire   . . .        a - +0 mace
rCold   . . .        (no shield)
rNeg    . . .        (body armour unavailable)
rPois   .            (helmet restricted)
rElec   .            (no cloak)
rCorr   .            (no gloves)
SInv    .            (no boots)
Will    .....        (no amulet)
Stlth   ++           (no ring)
HPRegen 0.24/turn    (no ring)
MPRegen 0.08/turn

%: no passive effects
@: lethally poisoned (-3 -> -4), on berserk cooldown, flying, slowed, very slow
A: AC +5, unfitting armour, cold-blooded, camouflage 1, frail 1
a: Renounce Religion, Berserk


You were on level 2 of the Dungeon.
You worshipped Trog.
Trog was aware of your devotion.
You visited 1 branch of the dungeon, and saw 2 of its levels.

You collected 116 gold pieces.

Inventory:

Hand Weapons
 a - a +0 mace (weapon)
Scrolls
 e - a scroll of identify {unknown}
 h - a scroll of fear {unknown}
Potions
 c - a potion of degeneration {unknown}
 d - a potion of ambrosia {unknown}
 g - a potion of might {unknown}
 i - a potion of magic {unknown}
 j - a potion of resistance {unknown}
 k - a potion of lignification {unknown}


   Skills:
 + Level 3.9 Fighting
 + Level 3.5 Maces & Flails
 + Level 3.2 Dodging


You had 2 spell levels left.
You didn't know any spells.
Your spell library contained the following spells:

 Spells                   Type           Power      Damage    Failure   Level
 Frozen Ramparts          Ice            0%         1d1       80%         3
 Ice Form                 Ice/Tmut       0%         N/A       99%         4
 Summon Ice Beast         Ice/Summ       0%         N/A       99%         4


Dungeon Overview and Level Annotations

Branches:
Dungeon (2/15)

Altars:
Sif Muna

Annotations:
D:2 Jessica, Robin


Innate Abilities, Weirdness & Mutations

Your plain brown scales are hard. (AC +5)
You cannot fit into any form of body armour.
You are cold-blooded and may be slowed by cold attacks.
Your skin changes colour to match your surroundings (Stealth+).
You are frail. (-10% HP)


Message History

a +0 dagger; a goblin corpse The goblin shouts!
You thump the goblin!
You kill the goblin!
Trog accepts your kill.
You feel sick.
You hear an angry hiss.
Jessica the Apprentice Sorceress comes into view.
She is wielding a +0 dagger.
The goblin misses you.
You closely miss the goblin.
You feel sick.
Jessica shouts!
The goblin hits you but does no damage. The goblin misses you.
Press: ? - help, v - describe, . - travel The floor.
You closely miss the goblin. You tail-slap the goblin.
You kill the goblin!
Trog accepts your kill.
You are no longer berserk.
You are exhausted.
You feel yourself slow down.
You feel sick.
Unknown command.
It was a potion of flight.
You feel very buoyant.
You fly up into the air.
You feel sick.
The goblin hits you with a +1 dagger of protection.
* * * LOW HITPOINT WARNING * * *
The goblin hits you but does no damage. The goblin misses you.
It was a potion of mutation.
You feel extremely strange.
You feel frail.
Your skin functions as natural camouflage.
You feel sick.
The goblin no longer looks unusually strong.
The goblin hits you but does no damage. x2
As you read the scroll labelled TELAES MIBBE, it crumbles to dust.
The scroll dissolves into smoke.
It was a scroll of fog.
* * * LOW HITPOINT WARNING * * *
You feel sick.
The goblin no longer looks unusually strong. x2
The goblin hits you with a +0 club.
You die...

# #...# #.# # ###. #...#
#.### #.... #...# #....
.....#########...#####....
.........................#
......@..................#
g_.....ggg§..............#
.......ggg####...######..)
.gg..#.$#@# #...# #...
#.#. #..#§# #...# #... # #
....### ##### #.## ######
#.## #.## #.## #... ####


You could see 6 goblins.

Vanquished Creatures
  2 adders (D:2)
  2 bats (D:1)
  4 endoplasms
  A giant cockroach (D:2)
  5 goblins (D:2)
  A quokka (D:1)
  A ball python (D:2)
  3 frilled lizards (D:1)
  3 kobolds
  3 rats (D:1)
25 creatures vanquished.

Notes
Turn   | Place    | Note
-------+----------+-------------------------------------------
     0 | D:1      | Destapler the Draconian Berserker began the quest for the
                  | Orb.
     0 | D:1      | Reached XP level 1. HP: 19/19 MP: 1/1
   154 | D:1      | Reached XP level 2. HP: 26/26 MP: 2/2
   851 | D:2      | Reached XP level 3. HP: 33/33 MP: 3/3
  1006 | D:2      | Found a shimmering blue altar of Sif Muna.
  1006 | D:2      | Noticed Robin
  1019 | D:2      | Noticed Jessica
  1023 | D:2      | Gained mutation: You are frail. (-10% HP) [potion of
                  | mutation]
  1023 | D:2      | Gained mutation: Your skin changes colour to match your
                  | surroundings (Stealth+). [potion of mutation]
  1024 | D:2      | Slain by a goblin

Illustrated notes

Levels and vault maps discovered:
D:1:      pf_arrival_petrified_forest, layout_basic
D:2:      cheibrodos_fertilizer, layout_loops_cross, basic_altar, uniq_robin,
          uniq_jessica, uniq_terence

Skill      XL: |  1  2 |
---------------+-------+-----
Dodging        | 3 |  3.2
Fighting       | |  3.9
Maces & Flails | |  3.5

Action                     || total
---------------------------++-------
  Melee: Mace              ||    59
         Tailslap          ||     3
 Invoke: Berserk           ||     1
    Use: Potion            ||     2
         Scroll            ||     1
 Armour: Skin              ||    26
  Dodge: Dodged            ||    27
